 Dungeon Crawl Stone Soup version 0.32-a0-656-g3542139ebd (webtiles) character file.

Game seed: 4595202657463715757

121 croobank the Sneak (level 4, 0/37 HPs)
             Began as a Demonspawn Delver on Mar 8, 2024.
             Killed from afar by an orc wizard (10 damage)
             ... with a puff of flame
             ... on level 5 of the Dungeon.
             The game lasted 00:08:33 (452 turns).

croobank the Sneak (Demonspawn Delver)               Turns: 452, Time: 00:08:33

Health: 0/37       AC:  3    Str: 13    XL:     4   Next: 76%
Magic:  4/4        EV: 12    Int: 12    God:
Gold:   103        SH:  0    Dex: 14    Spells: 3/3 levels left

rFire   . . .        i - +0 broad axe
rCold   . . .        (no shield)
rNeg    . . .        b - +0 leather armour
rPois   .            (no helmet)
rElec   .            (no cloak)
rCorr   .            (no gloves)
SInv    .            (no boots)
Will    .....        (no amulet)
Stlth   +++          (no ring)
HPRegen 0.26/turn    (no ring)
MPRegen 0.09/turn

%: no passive effects
@: no status effects
A: hooves 2
a: no special abilities


You were on level 5 of the Dungeon.
You visited 1 branch of the dungeon, and saw 2 of its levels.

You collected 103 gold pieces.

Inventory:

Hand Weapons
 a - a +0 short sword
 h - a +0 trident
 i - a +0 broad axe (weapon)
Armour
 b - a +0 leather armour (worn)
Wands
 e - a wand of flame (9)
 g - a wand of digging (3)
Scrolls
 c - 2 scrolls of fog
 j - a scroll of torment {unknown}


   Skills:
 + Level 3.7 Fighting
 + Level 2.7 Short Blades
 + Level 2.7 Dodging
 + Level 5.1 Stealth


You had 3 spell levels left.
You didn't know any spells.
Your spell library was empty.

Dungeon Overview and Level Annotations

Branches:
Dungeon (6/15)             Temple (0/1) D:5

Altars:
Dithmenos

Annotations:
D:5 3 runed translucent doors


Innate Abilities, Weirdness & Mutations

You have hoof-like feet.


Message History

You kill the orc wizard!
You closely miss the orc. The orc barely misses you.
You hear some strange, mumbled words.
A magic dart appears from out of thin air!
The magic dart hits you. The orc hits you with a +0 hand axe.
You miss something. You kick something. You barely miss the orc.
You hear some strange, mumbled words.
Something tries to affect you, but you resist.
The orc barely misses you.
You closely miss something. You barely miss the orc. Something hits you.
The orc barely misses you. Something hits you. The orc closely misses you.
You closely miss something. You barely miss the orc.
Something hits you but does no damage. The orc barely misses you.
Something hits you. The orc closely misses you.
You closely miss something. You kick something. You closely miss the orc.
You hear some strange, mumbled words.
You are confused.
The orc closely misses you.
You aren't carrying any potions.
You barely miss something. Your kick misses something.
You closely miss the orc.
You hear some strange, mumbled words.
Something tries to affect you, but you resist.
The orc hits you with a +0 hand axe. The orc hits you but does no damage.
Something barely misses you.
You closely miss something. Your kick misses something. You miss the orc.
Something barely misses you. The orc hits you with a +0 hand axe.
You miss something. Your kick misses something. You barely miss the orc.
Something hits you. The orc hits you with a +0 hand axe!
The orc closely misses you. Something hits you but does no damage.
You miss something. You barely miss the orc. Something hits you.
* * * LOW HITPOINT WARNING * * *
The orc completely misses you. The orc barely misses you. Something hits you.
* * * LOW HITPOINT WARNING * * *
You bump into the stone wall.
You feel less confused.
You hear some strange, mumbled words.
A puff of flame appears from out of thin air!
The puff of flame hits you!
You die...

#.....#.# * #...###.#
* #######.# *
#######.# ####*###
#######.# #..,,..#
#######)# #.####.##
****##
#######.###.#.....#
*,,,,. #........#{o#
*,*###
******#..##.#..#@.#
*,*...
,,,,.....##.......###
*,*,**
***##.....###.......#
*,,,,, * ##...##
#.###.#.# ***,*, *
##.## #†# *.#.#
*,***+ * #.#
#.###.#,# *,*,,, *
##* #.....#,* *,*,*+
* ****** #######,*
*,+,*> **,,+,** *,*
*,*,**


You could see an orc.

Vanquished Creatures
  An ogre (D:5)
  An orc wizard (D:5)
  An adder (D:5)
  A ribbon worm (D:5)
  An orc (D:5)
  A kobold skeleton (D:5)
  2 kobold zombies (D:5)
  An orc skeleton (D:5)
9 creatures vanquished.

Notes
Turn   | Place    | Note
-------+----------+-------------------------------------------
     0 | D:5      | croobank the Demonspawn Delver began the quest for the Orb.
     0 | D:5      | Reached XP level 1. HP: 18/18 MP: 1/1
    23 | D:6      | Noticed an ice beast
    27 | D:6      | Noticed a bullfrog
    48 | D:5      | Found a runed translucent gate.
    48 | D:5      | Found a runed translucent gate.
    49 | D:5      | Found a runed translucent gate.
    89 | D:6      | Noticed an ogre
   191 | D:5      | Noticed a water moccasin
   212 | D:5      | Noticed an iguana
   271 | D:5      | Found a shadowy altar of Dithmenos.
   313 | D:5      | Noticed a bombardier beetle
   315 | D:5      | Noticed a jelly
   360 | D:5      | Noticed an ogre
   367 | D:5      | Killed an ogre
   368 | D:5      | Reached skill level 5 in Stealth
   368 | D:5      | Gained mutation: You have large cloven feet. [demonic
                  | ancestry]
   368 | D:5      | Reached XP level 2. HP: 24/24 MP: 2/2
   368 | D:5      | Gained mutation: You have hoof-like feet. [demonic
                  | ancestry]
   368 | D:5      | Reached XP level 3. HP: 29/29 MP: 3/3
   368 | D:5      | Reached XP level 4. HP: 36/36 MP: 4/4
   452 | D:5      | Killed from afar by an orc wizard

Illustrated notes

Levels and vault maps discovered:
D:5:      layout_loops_corners, trog_butcher_becter, amcnicky_altar_gilded,
          nicolae_tso_besieged_by_evil, minmay_temple_entry_glassed_door,
          gammafunk_ghost_cemetery, minmay_fire_ice_demons
D:6:      layout_cave_pools, nicolae_elyvilon_temple_path, minivault_5,
          minivault_1

Skill      XL: |  1 |
---------------+----+-----
Short Blades   | 2 |  2.7
Dodging        | 2 |  2.7
Stealth        | 5 |  5.1
Fighting       | |  3.7

Action                     |  1- 3 |  4- 6 || total
---------------------------+-------+-------++-------
  Melee: Short sword       |    16 |       ||    16
         Broad axe         |     7 |    18 ||    25
         Kick              |       |     4 ||     4
  Evoke: Wand              |     9 |       ||     9
    Use: Scroll            |     2 |       ||     2
         Potion            |     1 |       ||     1
   Stab: Sleeping          |       |     1 ||     1
 Armour: Leather armour    |    15 |    19 ||    34
  Dodge: Dodged            |    15 |    17 ||    32

Table legend: (Time is in decaauts)
 A = Elapsed time spent in this place.
 B = Non-inter-level travel time spent in this place.
 C = Inter-level travel time spent in this place.
 D = Time resting spent in this place.
 E = Time spent auto-exploring this place.
 F = Levels seen in this place.
 G = Mean time per level.
                   A        B        C        D        E       F      G
               +--------+--------+--------+--------+--------+-----+--------+
         Total |    445 |    445 |      0 |     79 |      0 |   2 |  222.5 |
       Dungeon |    445 |    445 |      0 |     79 |      0 |   2 |  222.5 |
               +--------+--------+--------+--------+--------+-----+--------+

Top non-repeatable levels by time:
     D:5: 368 daAuts
     D:6: 77 daAuts
